 Dungeon Crawl Stone Soup version 0.24.0-123-gd5b16e6ec5 (webtiles) character file.

Game seed: 9993404236820219826, levelgen mode: deterministic

23 sanka the Sneak (level 2, -2/13 HPs)
             Began as a Spriggan Enchanter on Jan 30, 2020.
             Killed from afar by Sigmund (8 damage)
             ... with a puff of flame
             ... on level 2 of the Dungeon.
             The game lasted 00:04:02 (2085 turns).

sanka the Sneak (Spriggan Enchanter)                Turns: 2085, Time: 00:04:02

Health: -2/13      AC:  2    Str:  2 (4)  XL:     2   Next: 75%
Magic:  5/6        EV: 23    Int: 13 (16) God:
Gold:   70         SH:  0    Dex: 20 (21) Spells: 3/6 levels left

rFire    . . .     SeeInvis +   a - +1 dagger
rCold    . . .     Gourm    .   (shield restricted)
rNeg     . . .     Faith    .   b - +0 robe
rPois    .         Spirit   .   (helmet restricted)
rElec    .         Reflect  .   (no cloak)
rCorr    .         Harm     .   (gloves unavailable)
MR       .....                  (boots unavailable)
Stlth    ++++......             (no amulet)
HPRegen  0.04/turn              f - ring of wizardry
MPRegen  0.10/turn              (no ring)

@: agile, very quick
A: very small, unfitting armour, see invisible, herbivore, speed 3, slow
metabolism 2
a: no special abilities


You were on level 2 of the Dungeon.
You were not hungry.

You visited 1 branch of the dungeon, and saw 2 of its levels.

You collected 70 gold pieces.


Innate Abilities, Weirdness & Mutations

You are very small and have problems with some larger weapons.
You are too small for most types of armour.
You have supernaturally acute eyesight. (SInv)
You are a herbivore.
You cover ground extremely quickly.
You need to consume almost no food.


   Skills:
 + Level 2.3 Short Blades
 - Level 3.0 Dodging
 + Level 5.4 Stealth
 - Level 2.6 Spellcasting
 - Level 3.6 Hexes


You had 3 spell levels left.
You knew the following spells:

 Your Spells              Type           Power        Failure   Level  Hunger
y - Corona                Hex            ##.....      2%          1    #......
z - Ensorcelled Hibernat  Hex/Ice        #.....       7%          2    ###....

Your spell library contained the following spells:

 Spells                   Type           Power        Failure   Level  Hunger
 Confuse                  Hex            ##......     6%          3    ###....
 Tukima's Dance           Hex            ##......     6%          3    ###....
 Dazzling Spray           Conj/Hex       #.....       14%         3    ###....


Dungeon Overview and Level Annotations

Branches:
Dungeon (2/15)

Altars:
Cheibriados

Annotations:
D:2 Sigmund

Inventory:

Hand Weapons
 a - a +1 dagger (weapon)
Armour
 b - a +0 robe (worn)
Jewellery
 f - a ring of wizardry (left hand)
   (You found it on level 1 of the Dungeon)
Scrolls
 e - 5 scrolls of identify {unknown}
 g - 2 scrolls of teleportation {unknown}
 j - 2 scrolls of remove curse {unknown}
 m - a scroll of enchant armour {unknown}
Potions
 i - a potion of curing {@q1}
Comestibles
 d - 2 rations

#.#
#....................#
#.#
#.............########
#.# #.............#
#.# #.............#
#.# #.............#
#.# #.............#
#.# #........@....#
#(# #.............#
#.#####........@....#
#.#.................#
#.#.###.............#
#.#.# #####'#########
#.#.# #.# #.#.# #!#
#.#.# #.# #[#.# ..#
#.#.# ###


You could see Sigmund (invisible).


Message History

Sigmund hits you from afar with a +0 scythe.
* * * LOW HITPOINT WARNING * * *
Sigmund hits you but does no damage.
Casting: Ensorcelled Hibernation (safe; 6% risk of failure)
Confirm with . or Enter, or press ? or * to list all spells.
Aiming: Ensorcelled Hibernation (safe; 6% risk of failure)
Press: ? - help, Shift-Dir - straight line, f/p - Sigmund
Aim: Sigmund, wielding a +0 scythe and wearing a +0 robe (lightly wounded, chance to defeat MR: 48%) Sigmund looks drowsy...
Sigmund shouts!
Sigmund hits you but does no damage.
Your transformation is almost over.
Sigmund closely misses you.
Casting: Ensorcelled Hibernation (safe; 6% risk of failure)
Confirm with . or Enter, or press ? or * to list all spells.
Aiming: Ensorcelled Hibernation (safe; 6% risk of failure)
Press: ? - help, Shift-Dir - straight line, f - you, p - Sigmund That would be overly suicidal.
Okay, then.
Casting: Ensorcelled Hibernation (safe; 6% risk of failure)
Confirm with . or Enter, or press ? or * to list all spells.
Aiming: Ensorcelled Hibernation (safe; 6% risk of failure)
Press: ? - help, Shift-Dir - straight line, f - you That would be overly suicidal.
Okay, then.
Sigmund hits you but does no damage.
Sigmund hits you from afar with a +0 scythe.
* * * LOW HITPOINT WARNING * * *
Sigmund hits you but does no damage.
You feel better.
It was a potion of heal wounds.
You feel much better. Sigmund hits you but does no damage.
It was a potion of flight.
Your roots keep you in place.
Sigmund barely misses you.
It was a potion of agility.
You feel agile all of a sudden.
It was a potion of degeneration.
There was something very wrong with that liquid.
You feel weakened.
You feel dopey.
You feel clumsy.
You feel less wooden.
Your +0 robe unmelds from your body.
Sigmund hits you from afar with a +0 scythe!
Ouch! That really hurt!
* * * LOW HITPOINT WARNING * * *
Sigmund casts a spell.
Sigmund flickers and vanishes for a moment.
Sigmund gestures at you while chanting. The puff of flame hits you!
Ouch! That really hurt!
You die...

Levels and vault maps discovered:
D:1:      co_arrival_hexagon_in_a_hexagon, layout_basic, glass_columns_a
D:2:      layout_basic, overflow_temple_1_default, uniq_sigmund

Vanquished Creatures
  A leopard gecko (D:1)
  4 bats
  A giant cockroach (D:2)
  A goblin (D:1)
  5 hobgoblins
  A frilled lizard (D:1)
  5 kobolds (D:1)
  2 rats
20 creatures vanquished.

Table legend:
 A = Turns spent in this place as a percentage of turns spent in the entire game.
 B = Non-inter-level travel turns spent in this place as a percentage of non-inter-level travel turns spent in the entire game.
 C = Inter-level travel turns spent in this place as a percentage of turns spent in this place.
 D = Turns resting spent in this place as a percentage of non-inter-level travel turns spent in this place.
 E = Turns spent auto-exploring this place as a percentage of non-inter-level travel turns spent in this place.
 F = Non-inter-level travel turns spent in this place divided by the number of levels of this place that you've seen.
                   A       B       C       D       E      F
               +-------+-------+-------+-------+-------+----------------------
         Total | 100.0 | 100.0 |   0.7 |  29.7 |  52.1 | 1035.5
       Dungeon | 100.0 | 100.0 |   0.7 |  29.7 |  52.1 | 1035.5
               +-------+-------+-------+-------+-------+----------------------

Table legend:
 A = Kills in this place as a percentage of kills in entire the game.
 B = Kills by you in this place as a percentage of kills by you in the entire game.
 C = Kills by friends in this place as a percentage of kills by friends in the entire game.
 D = Other kills in this place as a percentage of other kills in the entire game.
 E = Experience gained in this place as a percentage of experience gained in the entire game.
 F = Experience gained in this place divided by the number of levels of this place that you have seen.
                   A       B       C       D       E      F
               +-------+-------+-------+-------+-------+----------------------
         Total | 100.0 | 100.0 |   N/A |   N/A | 100.0 |  17.0
       Dungeon | 100.0 | 100.0 |   N/A |   N/A | 100.0 |  17.0
               +-------+-------+-------+-------+-------+----------------------

Notes
Turn   | Place    | Note
-------+----------+-------------------------------------------
     0 | D:1      | sanka the Spriggan Enchanter began the quest for the Orb.
     0 | D:1      | Reached XP level 1. HP: 9/9 MP: 5/5
   566 | D:1      | Reached XP level 2. HP: 13/13 MP: 6/6
   602 | D:1      | Learned a level 2 spell: Ensorcelled Hibernation
   622 | D:1      | Reached skill level 5 in Stealth
   785 | D:1      | Reached skill level 2 in Short Blades
  1454 | D:2      | Found a snail-covered altar of Cheibriados.
  1782 | D:2      | Noticed Sigmund
  2077 | D:2      | HP: 3/19 [Sigmund/+0 scythe (4)]
  2085 | D:2      | Killed from afar by Sigmund

Action                   || total
-------------------------++-------
Melee: Dagger            ||    40
 Cast: Corona            ||     5
       Ensorcelled Hiber ||    18
  Use: Potion            ||     5
 Stab: Sleeping          ||    18
Armor: Skin              ||    21
       Robe              ||     1
Dodge: Dodged            ||    39
